 Dungeon Crawl Stone Soup version 0.23.1-37-gaa34b87b72 (webtiles) character file.

Game seed: 1821800620629496193

3595 1994 the Cutter (level 9, -9/68 HPs)
             Began as a Vampire Ice Elementalist on Mar 22, 2019.
             Was a Priest of Kikubaaqudgha.
             Mangled by a four-headed hydra (17 damage)
             ... on level 8 of the Dungeon.
             The game lasted 01:04:05 (9017 turns).

1994 the Cutter (Vampire Ice Elementalist)          Turns: 9017, Time: 01:04:05

Health: -9/68      AC:  0    Str:  7    XL:     9   Next: 85%
Magic:  12/16      EV: 26    Int: 19    God:    Kikubaaqudgha [***...]
Gold:   398        SH:  0    Dex: 21    Spells: 4/18 levels left

rFire    . . .     SeeInvis +   (weapon currently unavailable)
rCold    + . .     Gourm    .   (shield currently unavailable)
rNeg     + + .     Faith    .   (armour currently unavailable)
rPois    +         Spirit   .   (helmet currently unavailable)
rElec    .         Reflect  .   (cloak currently unavailable)
rCorr    .         Harm     .   (gloves currently unavailable)
MR       .....                  (boots currently unavailable)
Stlth    +++++.....             k - amulet of regeneration
HPRegen  0.30/turn              (ring currently unavailable)
MPRegen  0.15/turn              (ring currently unavailable)

@: confusing touch, bat-form, flying, very slightly contaminated, regenerating
slowly, very quick
A: tiny, fangs 3, see invisible
a: End Transformation, Receive Corpses, Renounce Religion


You were on level 8 of the Dungeon.
You worshipped Kikubaaqudgha.
Kikubaaqudgha was most pleased with you.
You were thirsty.
You were in vampire-bat-form.
You visited 2 branches of the dungeon, and saw 9 of its levels.
You also visited: Ossuary.

You collected 465 gold pieces.
You spent 67 gold pieces at shops.

Inventory:

Hand Weapons
 w - a +2 dagger of speed
 y - a +2 dagger of electrocution (melded)
 I - the +4 hunting sling of Compulsion {freeze, Dex+3, unknown}
   (You found it on level 7 of the Dungeon)

   It causes projectiles fired from it to freeze those they strike, causing
   extra injury to most foes and up to half again as much damage against
   particularly susceptible opponents.
   They can also slow down cold-blooded creatures.
   It affects your dexterity (+3).
Armour
 a - a +0 robe
 t - a +1 cloak (melded)
 u - a +0 leather armour (melded)
 v - a cursed +0 pair of boots (melded)
 B - a +0 shield of protection
 H - a +0 helmet (melded)
Magical Staves
 h - an uncursed staff of wizardry
Jewellery
 i - a +4 ring of strength (melded)
 k - an amulet of regeneration (around neck)
 A - a +4 ring of strength (melded)
Wands
 r - a wand of enslavement (5)
 x - a wand of scattershot (6)
Scrolls
 f - 2 scrolls of enchant armour
 g - 4 scrolls of teleportation {unknown}
 j - 3 scrolls of magic mapping
 l - 4 scrolls of blinking
 m - 2 scrolls of remove curse {unknown}
 o - 2 scrolls of amnesia
 z - 2 scrolls of vulnerability {unknown}
 E - a scroll of enchant weapon {unknown}
 G - a scroll of fog {unknown}
Potions
 b - a potion of lignification
 c - 15 potions of blood
 d - 2 potions of agility {unknown}
 e - a potion of cancellation {unknown}
 n - a potion of flight
 p - 5 potions of heal wounds
 q - 2 potions of ambrosia
 s - 3 potions of curing {unknown}
 C - a potion of brilliance {unknown}
 D - a potion of might {unknown}
 F - a potion of invisibility {unknown}


   Skills:
 + Level 5.0 Fighting
 + Level 6.2 Short Blades
 + Level 6.1 Dodging
 - Level 3.0 Stealth
 + Level 5.1 Spellcasting
 - Level 1.5 Conjurations
 - Level 2.1 Hexes
 + Level 5.2 Charms
 + Level 4.5 Necromancy
 + Level 6.1 Ice Magic


You had 4 spell levels left.
You knew the following spells:

 Your Spells              Type           Power        Failure   Level  Hunger
a - Freeze                Ice            ####         1%          1    None
b - Confusing Touch       Hex            ##....       5%          1    None
c - Ozocubu's Armour      Chrm/Ice       ####....     3%          3    ##.....
d - Throw Frost           Conj/Ice       ###...       3%          2    #......
e - Pain                  Necr           ###.         1%          1    None
f - Corpse Rot            Necr           N/A          3%          2    #......
g - Animate Dead          Necr           N/A          19%         4    ####...

Your spell library contained the following spells:

 Spells                   Type           Power        Failure   Level  Hunger
 Sublimation of Blood     Necr           ###.......   3%          2    #......
 Vampiric Draining        Necr           ###.......   6%          3    ##.....
 Confuse                  Hex            ##......     16%         3    ##.....
 Throw Icicle             Conj/Ice       ###.....     26%         4    ####...
 Summon Ice Beast         Ice/Summ       ###.....     34%         4    ####...
 Gell's Gravitas          Tloc           #.........   36%         3    ##.....
 Petrify                  Tmut/Erth      #.......     77%         4    ####...
 Excruciating Wounds      Chrm/Necr      ###.......   43%         5    ######.
 Dispel Undead            Necr           ###.....     47%         5    ######.
 Metabolic Englaciation   Hex/Ice        ###.......   54%         5    ######.
 Bolt of Draining         Conj/Necr      ###.......   69%         5    ######.
 Yara's Violent Unravell  Hex/Tmut       #.........   91%         5    ######.
 Death Channel            Necr           ###.......   96%         6    #######


Dungeon Overview and Level Annotations

Branches:
Dungeon (8/15)             Temple (1/1) D:4
   Lair: D:8-11

Altars:
Ashenzari
Cheibriados
Dithmenos
Elyvilon
Fedhas
Gozag
Kikubaaqudgha
Makhleb
Nemelex Xobeh
Okawaru
Qazlal
Ru
Sif Muna
Trog
Uskayaw
Vehumet
Wu Jian
Xom
Yredelemnul
The Shining One

Shops:
D:6 %?:*   D:7 !   D:8 *


Innate Abilities, Weirdness & Mutations

You heal slowly.
You have razor-sharp teeth.
You have supernaturally acute eyesight. (SInv)
((You can survive without breathing.))


Message History

Your hands begin to glow red.
The four-headed hydra bites you! x2
The four-headed hydra bites you.
The four-headed hydra completely misses you.
Unknown command.
Unknown command.
You turn into a vampire bat.
Your +2 dagger of electrocution melds into your body.
Your +1 cloak melds into your body.
Your +0 helmet melds into your body.
Your cursed +0 pair of boots melds into your body.
Your +0 leather armour melds into your body.
Your +4 ring of strength melds into your body. x2
Your +2 dagger of electrocution stops crackling.
You feel weaker. x2
The four-headed hydra barely misses you.
The four-headed hydra completely misses you.
The four-headed hydra bites you!
* * * LOW HITPOINT WARNING * * *
The four-headed hydra bites you!
You die...
Kikubaaqudgha rasps: "You have failed me!
Welcome... oblivion!"

.). #...∩# #.# #....###
#######)## ####......##
.........####..........##
#######................#
##..#..#..#........#
##..(##...##.....#..##
#.$..###.###..........
#.###b##.##.###.#...#.
#..###D#.#.###..#.#.#.
##...####.####..+..#>#.
#..#.....♣.............
#.#..####.####.........
#...###.#.#.###........
#..###.##.##.###.......
#.....###.###÷...##.###
#.#...##...##...###.#


You could see a four-headed hydra.

Vanquished Creatures
  Sigmund (D:2)
  A spriggan (D:7)
  3 hungry ghosts
  An orc warrior (D:6)
  A sky beast (D:7)
  3 black bears
  A phantom (D:5)
  An ice beast (D:5)
  2 ogres
  2 centaurs
  3 elf zombies (Ossuary)
  2 bullfrogs
  A scorpion (D:5)
  5 wights (D:8)
  3 crimson imps
  2 centaur zombies (Ossuary)
  A bullfrog zombie (D:8)
  A human zombie (Ossuary)
  2 hounds (D:4)
  4 jellies
  An orc priest (D:5)
  3 bullfrog skeletons
  7 orc wizards
  Crazy Yiuf (D:3)
  A centaur skeleton (D:6)
  3 iguanas
  2 worker ants (D:7)
  2 hound zombies (Ossuary)
  4 hound skeletons
  3 mummies (Ossuary)
  9 gnolls
  7 adders
  A shadow imp (D:8)
  8 adder zombies
  3 worms (D:2)
  5 leopard geckos
  29 orcs
  A ball python (D:5)
  13 bats
  4 giant cockroaches
  2 gnoll zombies (Ossuary)
  8 hobgoblins
  4 jackals (D:3)
  5 kobolds
  3 quokkas
  6 frilled lizards
  9 goblins
  A goblin zombie (Ossuary)
  2 hobgoblin zombies (Ossuary)
  2 jackal zombies (Ossuary)
  2 kobold zombies (Ossuary)
  2 orc zombies (Ossuary)
  A quokka skeleton (D:4)
  4 quokka zombies
  5 rats
  6 rat zombies (Ossuary)
209 creatures vanquished.

Vanquished Creatures (others)
  A goblin (D:1)
1 creature vanquished.

Grand Total: 210 creatures vanquished

Notes
Turn   | Place    | Note
-------+----------+-------------------------------------------
     0 | D:1      | 1994 the Vampire Ice Elementalist began the quest for the
                  | Orb.
     0 | D:1      | Reached XP level 1. HP: 13/13 MP: 3/3
   345 | D:1      | Reached XP level 2. HP: 20/20 MP: 0/5
   593 | D:1      | Reached skill level 1 in Short Blades
   828 | D:1      | Reached skill level 1 in Fighting
  1328 | D:1      | Reached XP level 3. HP: 17/26 MP: 0/6
  1564 | D:2      | Noticed Sigmund
  1588 | D:2      | Learned a level 3 spell: Ozocubu's Armour
  1598 | D:2      | Killed Sigmund
  1598 | D:2      | Reached XP level 4. HP: 30/33 MP: 3/7
  1598 | D:2      | Reached XP level 5. HP: 34/38 MP: 3/8
  1977 | D:2      | Found an iron altar of Okawaru.
  2324 | D:2      | Reached skill level 1 in Charms
  2952 | D:3      | Reached XP level 6. HP: 42/46 MP: 1/10
  4231 | D:3      | Found a runed translucent door.
  4232 | D:3      | Noticed Crazy Yiuf
  4267 | D:3      | Killed Crazy Yiuf
  4520 | D:4      | Learned a level 1 spell: Confusing Touch
  4540 | D:4      | Learned a level 2 spell: Throw Frost
  4584 | D:4      | Reached XP level 7. HP: 44/51 MP: 7/11
  4641 | D:4      | Found a stormy altar of Qazlal.
  4642 | D:4      | Noticed an air elemental
  4643 | D:4      | Noticed a fire elemental
  4645 | D:4      | Noticed a water elemental
  4682 | D:4      | Found a staircase to the Ecumenical Temple.
  4689 | Temple   | Entered the Ecumenical Temple
  4867 | Temple   | Became a worshipper of Kikubaaqudgha
  5091 | D:4      | Found a sacrificial altar of Ru.
  5093 | D:4      | Found an iron altar of Okawaru.
  5094 | D:4      | Found a glowing golden altar of the Shining One.
  5237 | D:4      | You are sucked into a shaft!
  5237 | D:5      | Entered Level 5 of the Dungeon
  5349 | D:5      | Reached skill level 1 in Conjurations
  5349 | D:5      | Reached skill level 1 in Hexes
  5459 | D:5      | Noticed a hungry ghost
  5476 | D:5      | Killed a hungry ghost
  5476 | D:5      | Reached skill level 1 in Necromancy
  5683 | D:5      | Found a shadowy altar of Dithmenos.
  5826 | D:5      | Reached * piety under Kikubaaqudgha
  5826 | D:5      | Identified Kikubaaqudgha's Collected Works on Evil Magic
                  | (Kikubaaqudgha gifted it to you on level 5 of the Dungeon)
  5826 | D:5      | Received a gift from Kikubaaqudgha
  5826 | D:5      | Reached XP level 8. HP: 58/58 MP: 13/13
  5850 | D:5      | Learned a level 1 spell: Pain
  5853 | D:5      | Learned a level 2 spell: Corpse Rot
  6201 | D:6      | Found an iron altar of Okawaru.
  6256 | D:6      | Found a shattered altar of Ashenzari.
  6263 | D:6      | Found Fonkecog's Food Emporium.
  6305 | D:6      | Found Ivvoerghai's Magic Scroll Shoppe.
  6309 | D:6      | Bought a scroll of noise for 12 gold pieces
  6312 | D:6      | Bought a scroll of magic mapping for 42 gold pieces
  6319 | D:6      | Found Ellonous's Assorted Antiques.
  6665 | D:6      | Found Kiuqikk's Book Emporium.
  6784 | D:7      | Found a sand-covered staircase.
  6793 | D:7      | Reached skill level 5 in Ice Magic
  6874 | Ossuary  | Entered an ossuary
  6965 | Ossuary  | Reached ** piety under Kikubaaqudgha
  7074 | Ossuary  | Reached skill level 5 in Short Blades
  7080 | Ossuary  | Reached skill level 5 in Dodging
  7334 | D:7      | Reached XP level 9. HP: 65/65 MP: 15/15
  7604 | D:7      | Found Qiakal's Distillery.
  7618 | D:7      | Reached *** piety under Kikubaaqudgha
  7618 | D:7      | Identified Kikubaaqudgha's Disquisition on Necromancy
                  | (Kikubaaqudgha gifted it to you on level 7 of the Dungeon)
  7618 | D:7      | Received a gift from Kikubaaqudgha
  7628 | D:7      | Learned a level 4 spell: Animate Dead
  7678 | D:7      | Bought a potion of degeneration for 13 gold pieces
  7887 | D:7      | Found a white marble altar of Elyvilon.
  7895 | D:7      | Found a deep blue altar of Sif Muna.
  8246 | D:7      | Got a pitted hunting sling
  8476 | D:8      | Reached skill level 5 in Spellcasting
  8794 | D:8      | Reached skill level 5 in Charms
  8937 | D:8      | Reached skill level 5 in Fighting
  8969 | D:8      | Found Muofiax's Assorted Antiques.
  9011 | D:8      | Noticed a four-headed hydra
  9017 | D:8      | Mangled by a four-headed hydra

Skill      XL: |  1  2  3  4  5  6  7  8  9 |
---------------+----------------------------+-----
Short Blades   | 1 2 3 4 5 6 |  6.2
Fighting       | 1 2 3 4 5 |  5.0
Dodging        | 3 4 5 6 |  6.1
Charms         | 1 2 4 5 |  5.2
Ice Magic      | 4 5 6 |  6.1
Spellcasting   | 3 4 5 |  5.1
Conjurations   | 1 |  1.5
Hexes          | 2 |  2.1
Necromancy     | 1 3 4 |  4.5
Stealth        | |  3.0

Action                   |  1- 3 |  4- 6 |  7- 9 || total
-------------------------+-------+-------+-------++-------
Melee: Unarmed           |     1 |    10 |     8 ||    19
       Dagger            |    21 |   120 |   426 ||   567
       Bite              |       |    16 |    43 ||    59
       Short sword       |       |    16 |       ||    16
 Cast: Freeze            |    42 |    88 |    38 ||   168
       Ozocubu's Armour  |       |    11 |     5 ||    16
       Throw Frost       |       |     1 |     4 ||     5
       Confusing Touch   |       |       |    42 ||    42
       Pain              |       |       |    24 ||    24
 Abil: Bat Form          |       |    20 |    36 ||    56
       End Transformatio |       |    20 |    35 ||    55
  Use: Potion            |     1 |     6 |     8 ||    15
       Scroll            |       |       |     7 ||     7
 Stab: Sleeping          |     3 |    10 |    17 ||    30
       Distracted        |       |     1 |       ||     1
       Confused          |       |       |    17 ||    17
Armor: Robe              |     4 |    25 |       ||    29
       Leather armour    |       |    23 |    91 ||   114
       Ring mail         |       |     4 |       ||     4
Dodge: Dodged            |    30 |   152 |   223 ||   405
